 Dungeon Crawl Stone Soup version 0.31-a0-865-g3d5d91748a (webtiles) character file.

Game seed: 13124758735118606200

23 gelatine the Magician (level 2, -2/20 HPs)
             Began as a Demonspawn Wanderer on Oct 11, 2023.
             Slain by a goblin
             ... wielding a +0 dagger
              (3 damage)
             ... on level 1 of the Dungeon.
             The game lasted 00:01:17 (555 turns).

gelatine the Magician (Demonspawn Wanderer)          Turns: 555, Time: 00:01:18

Health: -2/20      AC:  3    Str:  9    XL:     2   Next: 72%
Magic:  6/6        EV: 11    Int: 14    God:
Gold:   15         SH:  0    Dex: 14    Spells: 7/7 levels left

rFire   . . .        a - +0 quarterstaff
rCold   . . .        (shield currently unavailable)
rNeg    . . .        d - +0 robe
rPois   .            b - +0 helmet
rElec   .            (no cloak)
rCorr   .            (no gloves)
SInv    .            (no boots)
Will    .....        (no amulet)
Stlth   ++           (no ring)
HPRegen 0.23/turn    (no ring)
MPRegen 0.10/turn

%: no passive effects
@: no status effects
A: demonic magic 1
a: no special abilities


You were on level 1 of the Dungeon.
You visited 1 branch of the dungeon, and saw 1 of its levels.

You collected 15 gold pieces.

Inventory:

Hand Weapons
 a - a +0 quarterstaff (weapon)
Armour
 b - a +0 helmet (worn)
 d - a +0 robe (worn)
Scrolls
 c - a scroll of teleportation
Potions
 e - a potion of attraction {unknown}
 f - a potion of brilliance {unknown}
 g - a potion of berserk rage {unknown}


   Skills:
 * Level 0.3 Fighting
 + Level 2.2 Staves
 * Level 1.1 Armour
 * Level 0.1 Dodging
 + Level 2.8 Stealth
 + Level 3.3 Spellcasting


You had 7 spell levels left.
You didn't know any spells.
Your spell library contained the following spells:

 Spells                   Type           Power      Damage    Failure   Level
 Apportation              Tloc           4%         N/A       21%         1
 Magic Dart               Conj           8%         1d3       21%         1
 Ensorcelled Hibernation  Hex/Ice        4%         N/A       30%         2
 Scorch                   Fire           4%         2d5       30%         2


Dungeon Overview and Level Annotations

Branches:
Dungeon (1/15)

Altars:


Innate Abilities, Weirdness & Mutations

Spells you cast may paralyse adjacent enemies.


Message History

A quokka comes into view.
A quokka comes into view.
Found a whip.
The quokka bites you.
The quokka bites you but does no damage.
There is an open door here.
You see here a rat corpse.
The quokka attacks as it pursues you! The quokka bites you.
You closely miss the quokka. The quokka completely misses you.
You miss the quokka.
The quokka bites you but does no damage.
You hit the quokka.
The quokka is almost dead.
The quokka barely misses you. x2
You hit the quokka but do no damage.
The quokka is almost dead.
The quokka bites you but does no damage.
You closely miss the quokka.
The quokka is almost dead.
The quokka bites you. The quokka barely misses you.
You hit the quokka but do no damage.
The quokka is heavily wounded.
The quokka bites you.
You miss the quokka.
The quokka is heavily wounded.
The quokka bites you but does no damage.
You hit the quokka.
You kill the quokka!
The goblin hits you with a +0 dagger. x2; The quokka bites you.
* * * LOW HITPOINT WARNING * * *
You closely miss the quokka.
The quokka bites you but does no damage.
The goblin hits you with a +0 dagger.
* * * LOW HITPOINT WARNING * * *
You hit the quokka.
The quokka is heavily wounded.
The quokka closely misses you. The goblin hits you but does no damage.
The quokka bites you.
* * * LOW HITPOINT WARNING * * *
The goblin attacks as it pursues you! The goblin hits you with a +0 dagger.
You die...

#.#####.# # #..#...r.#
#.# #.#.#######..# #.#
.#.#.....#).# #.#
..#...[.#..# #.#
#.#.....#..# #.#
#.#.?...#r#. #.#
#)#.....##.. #.#
#.r######..#
#.###########..g@.....#
#..............########
#..#############
......# #..##.#
#..##.#######
............#
...##.#####.# ......#
#.#


You could see 2 quokkas and a goblin.

Vanquished Creatures
  A dart slug (D:1)
  An endoplasm (D:1)
  2 giant cockroaches (D:1)
  2 goblins (D:1)
  3 kobolds (D:1)
  4 quokkas (D:1)
  A ball python (D:1)
  3 frilled lizards (D:1)
  2 rats (D:1)
19 creatures vanquished.

Notes
Turn   | Place    | Note
-------+----------+-------------------------------------------
     0 | D:1      | gelatine the Demonspawn Wanderer began the quest for the
                  | Orb.
     0 | D:1      | gelatine set off with the following items: a +0
                  | quarterstaff, a +0 helmet, a scroll of teleportation, a +0
                  | robe; and the following spells available to memorise:
                  | Apportation, Magic Dart, Ensorcelled Hibernation, Scorch.
     0 | D:1      | Reached XP level 1. HP: 13/13 MP: 4/4
   230 | D:1      | Gained mutation: Spells you cast may paralyse adjacent
                  | enemies. [demonic ancestry]
   230 | D:1      | Reached XP level 2. HP: 19/19 MP: 6/6
   554 | D:1      | HP: 1/20 [quokka (4)]
   555 | D:1      | Slain by a goblin

Illustrated notes

Levels and vault maps discovered:
D:1:      reono_arrival_forest_river, layout_loops_ring, minmay_3d_cube

Skill      XL: |  1 |
---------------+----+-----
Staves         | 2 |  2.2
Fighting       | |  0.3
Armour         | |  1.1
Dodging        | |  0.1
Stealth        | |  2.8
Spellcasting   | |  3.3

Action                     || total
---------------------------++-------
  Melee: Quarterstaff      ||    59
   Stab: Sleeping          ||     4
 Armour: Robe              ||    41
  Dodge: Dodged            ||    35

Table legend: (Time is in decaauts)
 A = Elapsed time spent in this place.
 B = Non-inter-level travel time spent in this place.
 C = Inter-level travel time spent in this place.
 D = Time resting spent in this place.
 E = Time spent auto-exploring this place.
 F = Levels seen in this place.
 G = Mean time per level.
                   A        B        C        D        E       F      G
               +--------+--------+--------+--------+--------+-----+--------+
         Total |    570 |    570 |      0 |      0 |    426 |   1 |  570.0 |
       Dungeon |    570 |    570 |      0 |      0 |    426 |   1 |  570.0 |
               +--------+--------+--------+--------+--------+-----+--------+

Top non-repeatable levels by time:
     D:1: 570 daAuts
